Map: Overgrowth LE (Void)

Players

Daniel

  • Race: Terran Terran
  • League: Master
  • Spawn Location: 1:00

ArT - Winner!

  • Race: Protoss Protoss
  • League: Grandmaster
  • Spawn Location: 7:00

VOD

Have the link to the VOD?

Description

Time

  • Played on: Dec. 3, 2016, 12:12 p.m.
  • Length: 13:48
Show
View Real Time Build Order
Export as new Build Order

Daniel Terran 

Build Orders: Reaper Expand, MMM Bio 

Get SALT Encoding   

  12  0:00  SCV  
  13  0:13  SCV  
  14  0:17  Supply Depot  
  14  0:25  SCV  
  14  0:28  Refinery  
  15  0:39  SCV  
  16  0:45  Barracks  
  16  0:53  SCV  
  17  1:05  SCV  
  18  1:17  SCV  
  19  1:31  Orbital Command  
  19  1:32  Reaper  
  20  1:47  Command Center  
  20  1:57  Factory  
  20  2:00  SCV  
  21  2:07  Barracks Reactor  
  21  2:12  SCV  
  22  2:16  Supply Depot  
  22  2:18  Refinery  
  22  2:24  SCV  
  23  2:44  Marine x2  
  23  2:45  Starport  
  23  2:47  SCV  
  26  2:52  Widow Mine  
  28  2:59  SCV  
  28  3:02  Marine x2  
  28  3:05  Orbital Command  
  31  3:12  SCV  
  32  3:16  Orbital Command  
  32  3:19  Marine x2  
  32  3:22  Factory Tech Lab, Medivac  
  32  3:24  SCV  
  37  3:36  SCV  
  37  3:37  Marine x2  
  40  3:44  Siege Tank  
  40  3:48  SCV x2  
  44  4:00  SCV x2  
  46  4:04  Supply Depot  
  46  4:09  Liberator  
  46  4:10  Command Center  
  46  4:26  Marine x2, SCV x2  
  46  4:28  Supply Depot  
  53  4:31  Supply Depot  
  53  4:35  Barracks  
  53  4:37  Barracks  
  53  4:44  Marine  
  51  4:46  Marine, SCV  
  56  5:01  Marine, SCV  
  56  5:07  SCV  
  56  5:09  Barracks  
  52  5:18  SCV  
  52  5:19  Marine  
  49  5:22  SCV  
  49  5:24  Orbital Command  
  49  5:25  Marine  
  49  5:26  Marine  
  49  5:28  Widow Mine  
  42  5:39  SCV  
  37  5:44  Marine x2, Marauder  
  30  6:02  Marine  
  28  6:05  Marauder  
  28  6:11  SCV  
  29  6:12  SCV  
  29  6:15  Barracks Tech Lab, Stimpack  
  29  6:17  SCV  
  29  6:23  SCV  
  29  6:25  Factory Reactor, SCV  
  31  6:29  SCV  
  32  6:35  SCV, Combat Shields  
  32  6:37  SCV  
  32  6:39  Medivac  
  36  6:41  SCV  
  36  6:47  Marine x2, SCV  
  35  6:52  SCV  
  39  6:56  SCV  
  39  6:59  Engineering Bay x2, SCV  
  41  7:04  SCV, Refinery  
  41  7:05  Marauder  
  41  7:06  Barracks Tech Lab  
  41  7:08  SCV  
  45  7:11  SCV  
  45  7:14  Factory Tech Lab  
  46  7:16  SCV  
  46  7:20  SCV  
  48  7:23  SCV  
  48  7:26  Barracks  
  48  7:27  Concussive Shells  
  48  7:28  SCV, Marauder x2  
  54  7:32  SCV  
  54  7:38  Siege Tank  
  56  7:44  SCV  
  56  7:46  SCV  
  56  7:49  SCV  
  58  7:54  Terran Infantry Weapons Level 1  
  58  7:56  SCV  
  58  7:58  SCV, Refinery  
  59  8:03  Medivac  
  59  8:04  SCV  
  63  8:08  SCV  
  63  8:11  SCV  
  65  8:19  Marine  
  65  8:20  SCV, Marauder  
  65  8:23  Marine, Orbital Command  
  65  8:24  Marauder  
  65  8:25  Siege Tank  
  72  8:27  Barracks Reactor  
  72  8:28  SCV  
  72  8:32  SCV  
  74  8:35  Marauder  
  74  8:37  Marine  
  74  8:41  Marine, SCV, Marauder  
  80  8:44  SCV  
  80  8:46  Marauder  
  84  8:52  SCV  
  84  8:53  SCV  
  84  8:55  Marine, Medivac  
  86  8:56  Marauder  
  86  8:59  Marine  
  92  9:07  Marine  
  92  9:09  Marauder  
  91  9:12  Marine  
  91  9:13  Marine  
  93  9:19  Marine, Siege Tank, Marauder, Armory  
  93  9:23  SCV, Supply Depot x2  
  93  9:24  SCV  
  99  9:25  Marauder, Supply Depot  
  99  9:27  SCV, Supply Depot  
  100  9:34  Marine  
  100  9:37  Liberator  
  101  9:44  Marine, SCV, Supply Depot  
  101  9:45  Marauder x2  
  107  9:46  SCV  
  107  9:47  Reaper, SCV, Marauder  
  107  9:49  Refinery  
  107  9:50  Marine  
  115  9:58  Siege Tank  
  118  10:06  Marauder  
  118  10:07  Viking  
  118  10:11  SCV  
  121  10:14  Terran Infantry Armor Level 1  
  121  10:24  SCV  
  121  10:28  SCV  
  123  10:30  SCV  
  123  10:31  Marine x2, Refinery  
  123  10:32  Marine x5  
  123  10:33  Siege Tank  
  134  10:36  SCV  
  134  10:42  SCV  
  136  10:45  Viking x2, Terran Vehicle Weapons Level 1  
  136  10:47  SCV  
  136  10:49  Supply Depot  
  141  11:00  Supply Depot x2  
  141  11:03  Marine x4  
  149  11:04  Marauder x2  
  149  11:08  Supply Depot  
  149  11:09  Terran Infantry Weapons Level 2  
  149  11:11  Marauder  
  151  11:21  Marine x3  
  151  11:23  Marine  
  151  11:25  Marauder x2  
  159  11:32  Marine  
  160  11:39  Marine x3  
  159  11:41  Marine  
  159  11:47  Marauder x2  
  159  11:50  Marauder  
  159  11:57  Marine x2  
  138  12:05  Marine  
  138  12:08  Marine, Marauder x2  
  110  12:11  Marauder  
  95  12:17  SCV  
  92  12:26  Medivac x2  
  92  12:29  Marauder x2  
  100  12:33  Marauder  
  102  12:41  Command Center  
  102  12:43  Factory Reactor  
  102  12:49  Marine x2  
  102  12:51  Marauder x2  
  108  12:54  Marauder  
  108  12:56  Medivac  
  108  12:58  Medivac  
  114  13:07  Marine  
  114  13:12  Marauder x2  
  117  13:15  Ghost Academy  
  117  13:16  Marauder  
  117  13:17  Marine x2  
  117  13:18  Marine  
Show
View Real Time Build Order
Export as new Build Order

ArT Protoss - Winner!

Build Orders: 1 Gate Expand 

Get SALT Encoding   

  12  0:01  Probe (Chrono Boost)  
  13  0:11  Probe (Chrono Boost)  
  14  0:17  Pylon  
  14  0:22  Probe (Chrono Boost)  
  15  0:35  Probe (Chrono Boost)  
  16  0:36  Gateway  
  16  0:42  Assimilator  
  16  0:46  Probe (Chrono Boost)  
  17  0:56  Probe (Chrono Boost)  
  18  1:07  Probe (Chrono Boost)  
  19  1:22  Nexus  
  19  1:23  Probe (Chrono Boost)  
  20  1:34  Cybernetics Core  
  20  1:36  Probe (Chrono Boost)  
  21  1:41  Assimilator  
  21  1:46  Probe (Chrono Boost)  
  22  1:52  Pylon  
  22  1:57  Probe (Chrono Boost)  
  23  2:09  Warp Gate (Chrono Boost)  
  23  2:11  Mothership Core (Chrono Boost)  
  25  2:17  Adept  
  27  2:29  Probe (Chrono Boost)  
  28  2:33  Probe  
  29  2:39  Robotics Facility  
  29  2:40  Probe  
  29  2:43  Probe  
  29  2:45  Adept  
  32  2:52  Probe  
  32  2:54  Probe  
  34  3:04  Probe  
  34  3:05  Probe  
  35  3:10  Gateway  
  35  3:11  Gateway  
  36  3:15  Probe  
  36  3:17  Probe  
  38  3:27  Probe  
  38  3:28  Warp Prism (Chrono Boost)  
  38  3:29  Probe  
  42  3:35  Stalker (Chrono Boost)  
  42  3:40  Pylon  
  42  3:41  Probe  
  45  3:45  Probe  
  46  3:53  Pylon  
  46  3:58  Probe x2, Observer (Chrono Boost)  
  49  4:06  Stalker  
  51  4:10  Assimilator, Probe x2  
  51  4:11  Stalker  
  51  4:12  Stalker  
  57  4:19  Observer  
  57  4:22  Probe  
  59  4:25  Pylon  
  59  4:28  Probe  
  60  4:35  Pylon  
  54  4:46  Stalker x3  
  54  4:48  Probe x2  
  60  5:01  Probe x2  
  59  5:08  Stalker x2  
  59  5:09  Stalker  
  58  5:17  Probe x2  
  48  5:29  Mothership Core  
  48  5:30  Stalker x2  
  48  5:32  Probe  
  52  5:36  Stalker  
  41  5:55  Stalker  
  37  5:57  Probe (Chrono Boost)  
  37  6:00  Probe (Chrono Boost)  
  39  6:11  Probe (Chrono Boost)  
  40  6:12  Warp Prism  
  40  6:14  Probe (Chrono Boost)  
  43  6:21  Probe (Chrono Boost)  
  43  6:25  Probe (Chrono Boost)  
  45  6:32  Probe (Chrono Boost)  
  46  6:35  Probe (Chrono Boost)  
  47  6:40  Nexus  
  47  6:42  Probe (Chrono Boost)  
  47  6:46  Probe (Chrono Boost)  
  49  6:50  Twilight Council  
  49  6:53  Probe (Chrono Boost)  
  50  6:56  Probe (Chrono Boost)  
  50  6:58  Sentry x2  
  50  7:00  Assimilator  
  55  7:03  Probe (Chrono Boost)  
  55  7:07  Probe (Chrono Boost)  
  57  7:10  Stalker  
  57  7:14  Probe (Chrono Boost)  
  60  7:16  Probe  
  60  7:17  Blink (Chrono Boost), Immortal (Chrono Boost)  
  65  7:26  Probe  
  65  7:28  Probe  
  67  7:36  Forge  
  67  7:38  Probe  
  68  7:49  Probe  
  68  7:51  Adept x3, Probe  
  73  7:52  Probe  
  73  7:56  Immortal  
  77  8:01  Probe  
  77  8:02  Probe  
  77  8:04  Probe  
  84  8:08  Pylon  
  84  8:13  Protoss Ground Armor Level 1 (Chrono Boost), Probe  
  85  8:20  Probe x2  
  85  8:26  Stalker x2  
  91  8:32  Stalker  
  93  8:36  Gateway  
  93  8:37  Gateway  
  93  8:40  Probe x2  
  95  8:43  Probe  
  95  8:44  Observer  
  97  8:52  Stalker, Probe  
  100  8:55  Pylon  
  100  8:58  Pylon  
  100  9:05  Resonating Glaives, Gateway, Pylon  
  100  9:07  Pylon  
  100  9:08  Immortal  
  100  9:10  Pylon  
  104  9:20  Adept x3  
  110  9:26  Gateway  
  110  9:29  Pylon  
  110  9:35  Probe x2  
  110  9:36  Adept, Pylon  
  110  9:37  Adept  
  116  9:39  Pylon  
  116  9:43  Adept  
  116  9:44  Adept  
  116  9:45  Adept, Protoss Ground Armor Level 2 (Chrono Boost)  
  122  9:48  Pylon  
  122  9:54  Templar Archives  
  122  10:05  Adept  
  122  10:06  Adept x3  
  130  10:08  Assimilator  
  130  10:10  Assimilator  
  130  10:21  Psionic Storm  
  130  10:22  Immortal  
  130  10:24  Adept x2  
  138  10:29  Probe  
  139  10:45  Charge  
  139  10:48  Nexus  
  139  10:49  High Templar  
  141  10:50  High Templar, Pylon  
  141  10:52  Probe x3  
  141  10:57  High Templar, Forge  
  146  11:04  Probe  
  149  11:10  High Templar  
  151  11:12  Zealot x3  
  151  11:14  Pylon  
  157  11:21  Immortal, Gateway x2  
  157  11:29  Zealot x2  
  157  11:31  Protoss Ground Weapons Level 1 (Chrono Boost)  
  165  11:36  Zealot x3  
  169  11:45  Zealot x2  
  169  11:48  Pylon  
  149  12:03  Archon x2  
  149  12:04  Zealot x5  
  139  12:16  Probe  
  139  12:17  Probe x3  
  141  12:23  High Templar x2, Assimilator  
  141  12:25  High Templar x2  
  141  12:27  High Templar  
  141  12:28  High Templar, Probe  
  141  12:29  Assimilator, Probe x2  
  156  12:30  Probe  
  156  12:32  Pylon  
  157  12:38  Photon Cannon  
  157  12:41  Stalker  
  159  12:48  Observer  
  160  12:52  Stalker x2  
  160  12:58  Stalker x4  
  172  13:06  Dark Shrine  
  172  13:13  Zealot x3  
  172  13:16  Zealot x2  
  152  13:44  Zealot x7, Stalker x2  
Tags
 
Add a new tag
Caveats
  • Supply blocks, unpowered buildings, or Contaminate may cause inaccurate times.
  • Supply counts are checked every 10 seconds.